 Dungeon Crawl Stone Soup version 0.28-a0-863-g8cecda6153 (webtiles) character file.

Game seed: 11336448847342422826

68 mcbry74 the Insei (level 4, -2/32 HPs)
             Began as a Merfolk Transmuter on Nov 18, 2021.
             Killed by nerve-wracking pain
             ... invoked by an orc priest
              (13 damage)
             ... on level 3 of the Dungeon.
             The game lasted 00:09:00 (3352 turns).

mcbry74 the Insei (Merfolk Transmuter)              Turns: 3352, Time: 00:09:00

Health: -2/32      AC:  2    Str: 10    XL:     4   Next: 19%
Magic:  6/7        EV: 12    Int: 13    God:
Gold:   84         SH:  0    Dex: 14    Spells: 6/7 levels left

rFire   . . .      SeeInvis +     - Unarmed
rCold   . . .      Faith    .   (no shield)
rNeg    . . .      Spirit   .   a - +0 robe
rPois   .          Reflect  .   (helmet currently unavailable)
rElec   .          Harm     .   (no cloak)
rCorr   .          Rampage  .   (no gloves)
Will    .....                   (boots currently unavailable)
Stlth   +.........              (no amulet)
HPRegen 0.10/turn               l - ring of see invisible
MPRegen 0.10/turn               (no ring)

@: appendages (expiring)
A: horns 2, (nimble swimmer 2), mertail
a: End Transformation


You were on level 3 of the Dungeon.
You had temporarily grown beastly horns.
You visited 1 branch of the dungeon, and saw 3 of its levels.

You collected 84 gold pieces.

Inventory:

Missiles
 b - 66 stones (quivered)
 o - 2 silver javelins
Armour
 a - a +0 robe (worn)
Jewellery
 c - an amulet of faith
 l - a ring of see invisible (left hand)
Wands
 m - a wand of flame (30)
Scrolls
 d - 2 scrolls of teleportation {unknown}
 e - a scroll of enchant weapon {unknown}
 g - a scroll of magic mapping {unknown}
 h - 2 scrolls of identify {unknown}
 j - a scroll of fear {unknown}
 n - a scroll of vulnerability {unknown}
Potions
 f - 2 potions of curing {unknown}
 i - a potion of berserk rage {unknown}
 k - a potion of brilliance {unknown}


   Skills:
 - Level 1.1 Fighting
 + Level 2.7 Dodging
 + Level 0.3 Stealth
 * Level 5.3 Unarmed Combat
 - Level 2.0 Spellcasting
 + Level 2.7 Transmutations


You had 6 spell levels left.
You knew the following spells:

 Your Spells              Type           Power      Damage    Failure   Level
a - Beastly Appendage     Tmut           16%        N/A       9%          1

Your spell library contained the following spells:

 Spells                   Type           Power      Damage    Failure   Level
 Wereblood                Tmut           8%         N/A       12%         2
 Sting                    Tmut/Pois      16%        1d3       14%         1
 Poisonous Vapours        Pois/Air       2%         N/A       36%         2
 Spider Form              Tmut/Pois      4%         N/A       41%         3
 Ice Form                 Ice/Tmut       4%         N/A       82%         4
 Olgreb's Toxic Radiance  Pois           1%         N/A       94%         4


Dungeon Overview and Level Annotations

Branches:
Dungeon (3/15)

Altars:
Cheibriados


Innate Abilities, Weirdness & Mutations

You have temporarily grown beastly horns.
((You are quick and stealthy near water. (Stealth+, EV+, Speed+++)))
Your lower body shifts to a powerful aquatic tail in water.


Message History

You punch the jackal!
You kill the jackal!
You hit the endoplasm.
You kill the endoplasm!
You see here a jackal corpse.
Your transformation is almost over.
Your horns disappear.
An orc priest comes into view. It is wielding a +0 dagger.
An orc comes into view. It is wielding a +0 club.
The orc priest shouts!
You hear a shout!
An orc comes into view. It is wielding a +0 flail.
The orc priest calls down the wrath of Beogh upon you.
Beogh smites you!
Casting: Beastly Appendage (safe; 9% risk of failure)
Confirm with . or Enter, or press ? or * to list all spells.
You grow a pair of large bovine horns.
You barely miss the orc priest. You punch the orc priest.
The orc priest is heavily wounded.
The orc priest invokes the aid of Beogh against you.
Beogh smites you!
You closely miss the orc priest.
The orc priest is heavily wounded.
You hit the orc.
The orc is moderately wounded.
You barely miss the orc.
The orc is moderately wounded.
The orc closely misses you.
You barely miss the orc. Your headbutt misses the orc.
The orc is moderately wounded.
Your transformation is almost over.
The orc barely misses you.
The orc priest looks encouraged for a moment.
You closely miss the orc.
The orc is moderately wounded.
The orc closely misses you.
You punch the orc!
You kill the orc!
The orc priest invokes the aid of Beogh against you.
Pain shoots through your body!
You die...

#.##### #.# #.# #.
#.# ... #.# #. #.#
#.. #.# #. #.# #.#
#.# #. #.# #.# #.#
#. #.# #o# #.###.
#.# #o# #.##.. #.#
#)# #.#.#. #.#
#####@# #..##. #.#
##...#.# ###.#. #.#
##......# ##..
##†###.......# ##.
#>...............
########.
#.#.##.........##..
.........
#.###.#.........#
########. #.#
#.........##
........# #.#
##.......##
#######..


You could see an orc priest and an orc.

Vanquished Creatures
  An adder (D:2)
  A worm (D:2)
  2 dart slugs (D:1)
  2 orcs (D:3)
  3 endoplasms
  9 giant cockroaches
  3 goblins
  3 hobgoblins
  2 jackals (D:3)
  3 quokkas
  5 ball pythons
  3 bats
  5 frilled lizards
  4 kobolds
  3 rats
49 creatures vanquished.

Notes
Turn   | Place    | Note
-------+----------+-------------------------------------------
     0 | D:1      | mcbry74 the Merfolk Transmuter began the quest for the Orb.
     0 | D:1      | Reached XP level 1. HP: 15/15 MP: 3/3
   371 | D:1      | Reached XP level 2. HP: 12/21 MP: 5/5
   597 | D:1      | Reached skill level 4 in Unarmed Combat
  1276 | D:2      | Reached XP level 3. HP: 22/26 MP: 6/6
  1845 | D:2      | Found a snail-covered altar of Cheibriados.
  1995 | D:2      | Reached skill level 5 in Unarmed Combat
  2883 | D:3      | Reached XP level 4. HP: 32/32 MP: 5/7
  3352 | D:3      | Killed from afar by an orc priest

Illustrated notes

Levels and vault maps discovered:
D:1:      zaba_arrival_water, layout_loops_ring
D:2:      layout_loops_corners, basic_altar, corexii_corridor_pit,
          minmay_worlds_worst_comb
D:3:      layout_loops_ring

Skill      XL: |  1  2  3 |
---------------+----------+-----
Unarmed Combat | 4 5 |  5.3
Fighting       | |  1.1
Dodging        | |  2.7
Stealth        | |  0.3
Spellcasting   | |  2.0
Transmutations | |  2.7

Action                   |  1- 3 |  4- 6 || total
-------------------------+-------+-------++-------
Melee: Unarmed           |   139 |    32 ||   171
       Headbutt          |     4 |     2 ||     6
       Punch             |     1 |     1 ||     2
 Cast: Beastly Appendage |    11 |     6 ||    17
 Stab: Sleeping          |     2 |       ||     2
Armor: Robe              |    25 |     5 ||    30
Dodge: Dodged            |    63 |    14 ||    77

Table legend: (Time is in decaauts)
 A = Elapsed time spent in this place.
 B = Non-inter-level travel time spent in this place.
 C = Inter-level travel time spent in this place.
 D = Time resting spent in this place.
 E = Time spent auto-exploring this place.
 F = Levels seen in this place.
 G = Mean time per level.
                   A        B        C        D        E       F      G
               +--------+--------+--------+--------+--------+-----+--------+
         Total |   3332 |   3282 |     50 |    965 |   1870 |   3 | 1110.7 |
       Dungeon |   3332 |   3282 |     50 |    965 |   1870 |   3 | 1110.7 |
               +--------+--------+--------+--------+--------+-----+--------+

Top non-repeatable levels by time:
     D:2: 1662 daAuts
     D:1: 1200 daAuts
     D:3: 470 daAuts
